 Dungeon Crawl Stone Soup version 0.26.0-45-g9c1d065592 (webtiles) character file.

Game seed: 3191831077029765223

441 kaeus the Sneak (level 7, -1/47 HPs)
             Began as an Octopode Fighter on Jan 29, 2021.
             Was a Believer of Dithmenos.
             Slain by a centaur (8 damage)
             ... on level 5 of the Dungeon.
             The game lasted 00:04:29 (3865 turns).

kaeus the Sneak (Octopode Fighter)                  Turns: 3865, Time: 00:04:29

Health: -1/47      AC:  1    Str: 15    XL:     7   Next: 2%
Magic:  9/9        EV: 13    Int: 10    God:    Dithmenos [**....]
Gold:   235        SH:  9    Dex: 14    Spells: 9/9 levels left

rFire    . . .     SeeInvis .   a - +0 rapier
rCold    . . .     Faith    .   b - +0 kite shield
rNeg     . . .     Spirit   .   (helmet restricted)
rPois    .         Reflect  .   r - amulet of regeneration
rElec    .         Harm     .   (no ring)
rCorr    .         Rampage  .   (no ring)
Will     .....                  (no ring)
Stlth    +++++.....             (no ring)
HPRegen  0.55/turn              (no ring)
MPRegen  0.11/turn              (no ring)
                                (no ring)
                                (no ring)

@: wreathed by umbra
A: almost no armour, stealthy swim, amphibious, 8 rings, constrict 8, camouflage
1, gelatinous body 1
a: Renounce Religion, Shadow Step


You were on level 5 of the Dungeon.
You worshipped Dithmenos.
Dithmenos was pleased with you.
You visited 1 branch of the dungeon, and saw 5 of its levels.

You collected 235 gold pieces.

Inventory:

Hand Weapons
 a - a +0 rapier (weapon)
Armour
 b - a +0 kite shield (worn)
Jewellery
 r - an amulet of regeneration (around mantle)
Scrolls
 d - a scroll of teleportation
 f - a scroll of remove curse
 i - 3 scrolls of identify {unknown}
 j - a scroll of enchant armour {unknown}
 l - 2 scrolls of random uselessness {unknown}
 m - a scroll of fog {unknown}
 o - 3 scrolls of enchant weapon {unknown}
 p - a scroll of noise {unknown}
 s - a scroll of amnesia {unknown}
Potions
 c - a potion of might
 e - 6 potions of curing {unknown}
 g - a potion of attraction {unknown}
 h - 2 potions of resistance {unknown}
 k - a potion of brilliance {unknown}
 n - a potion of mutation {unknown}
 q - 4 potions of flight {unknown}


   Skills:
 + Level 3.9 Fighting
 + Level 3.2 Short Blades
 + Level 4.0 Dodging
 * Level 5.3 Stealth
 + Level 4.0 Shields
 + Level 1.9 Spellcasting


You had 9 spell levels left.
You didn't know any spells.
Your spell library contained the following spells:

 Spells                   Type           Power        Failure   Level
 Magic Dart               Conj           0%           78%         1
 Blink                    Tloc           N/A          89%         2
 Call Imp                 Summ           0%           89%         2
 Slow                     Hex            0%           89%         2
 Conjure Flame            Conj/Fire      0%           98%         3
 Mephitic Cloud           Conj/Pois/Air  0%           98%         3


Dungeon Overview and Level Annotations

Branches:
Dungeon (5/15)             Temple (0/1) D:5

Altars:
Ashenzari
Dithmenos
Uskayaw
Xom

Annotations:
D:5 Grinder


Innate Abilities, Weirdness & Mutations

You cannot wear most types of armour.
You are very stealthy in the water. (Stealth+)
You are amphibious.
You can wear up to eight rings at the same time.
You can use your tentacles to constrict eight enemies at once.
Your skin changes colour to match your surroundings (Stealth+).
Your rubbery body absorbs attacks. (AC +1, EV +1)


Message History

You are too injured to fight recklessly!
A centaur is nearby!
You are too injured to fight recklessly!
A centaur is nearby!
You are too injured to fight recklessly!
A centaur is nearby!
The centaur unwields a +0 shortbow.
The centaur completely misses you.
You puncture the centaur!
The centaur is moderately wounded.
The centaur hits you but does no damage.
You hit the centaur but do no damage.
The centaur is moderately wounded.
The centaur hits you. You block the centaur's attack.
You take 6 damage, and have 16/47 hp.
You barely miss the centaur.
The centaur is moderately wounded.
The centaur hits you!
* * * LOW HITPOINT WARNING * * *
The centaur hits you!
You die...

... ...... ###### ..#.#.#
#....# ....... #....# . ......
#....# . . ...# #....# ####
.....####.##### #....# #...
..............####....####...
...##.#...(@c...............
##....#....[................
...#...#...........##..####
#.##.#..(###############.# ..
#........########## #.# ..
...#.#.##..........######.# #.#
>.#.#.............#......#
..........#...........#.######.
.#.#.#....#..###'######.#......


You could see a centaur.

Vanquished Creatures
  A howler monkey (D:4)
  An orc wizard (D:3)
  4 worker ants
  An iguana (D:5)
  Robin (D:3)
  7 gnolls
  A howler monkey skeleton (D:4)
  4 adders
  A white imp (D:5)
  An ufetubus (D:5)
  A worm (D:4)
  2 dart slugs
  4 leopard geckos
  8 orcs
  5 giant cockroaches
  14 hobgoblins
  11 jackals
  3 ball pythons
  5 bats
  8 frilled lizards
  16 goblins
  5 kobolds
  6 rats
110 creatures vanquished.

Notes
Turn   | Place    | Note
-------+----------+-------------------------------------------
     0 | D:1      | kaeus the Octopode Fighter began the quest for the Orb.
     0 | D:1      | Reached XP level 1. HP: 16/16 MP: 1/1
   493 | D:1      | Reached skill level 1 in Stealth
   493 | D:1      | Reached XP level 2. HP: 21/21 MP: 2/2
   598 | D:1      | Reached XP level 3. HP: 26/26 MP: 3/3
   607 | D:1      | Reached skill level 2 in Stealth
  1171 | D:2      | Found a shadowy altar of Dithmenos.
  1321 | D:2      | Reached XP level 4. HP: 26/31 MP: 5/5
  1354 | D:2      | Became a worshipper of Dithmenos the Shadowed
  1663 | D:3      | Reached skill level 3 in Stealth
  1663 | D:3      | Reached skill level 1 in Spellcasting
  1832 | D:3      | Noticed Robin
  1838 | D:3      | Reached * piety under Dithmenos
  1841 | D:3      | Reached XP level 5. HP: 27/36 MP: 6/6
  1844 | D:3      | Killed Robin
  2037 | D:3      | Found a shimmering altar of Xom.
  2055 | D:3      | Found a broken altar of Ashenzari.
  2421 | D:3      | Reached skill level 4 in Stealth
  2905 | D:4      | Reached XP level 6. HP: 27/42 MP: 6/8
  3114 | D:4      | Noticed a +0 hand axe
  3115 | D:4      | Noticed a +0 dagger
  3118 | D:4      | Found a hide-covered altar of Uskayaw.
  3280 | D:4      | Reached ** piety under Dithmenos
  3515 | D:5      | Entered Level 5 of the Dungeon
  3550 | D:5      | Reached skill level 5 in Stealth
  3572 | D:5      | Found a staircase to the Ecumenical Temple.
  3714 | D:5      | Reached XP level 7. HP: 46/47 MP: 9/9
  3812 | D:5      | Noticed Grinder
  3865 | D:5      | Slain by a centaur

Illustrated notes

Levels and vault maps discovered:
D:1:      psy_arrival_radial01, layout_basic
D:2:      layout_rooms, grunt_dithmenos_smoke
D:3:      layout_loops_ring, cheibrodos_ashenzari_chains, xom_teletrap_fun,
          serial_aquarium, aquarium_bridge_straight [aquarium_subvault_bridge,
          aquarium_subvault_wall, aquarium_subvault_bridge,
          aquarium_subvault_wall], aquarium_window_fake, aquarium_window_2,
          aquarium_view_2a, minmay_increasing_density, uniq_robin
D:4:      layout_loops_ring, dancing_weapons_uskayaw
D:5:      layout_basic, minmay_temple_entry_ruins, serial_co_window_serial,
          co_window_of_opportunity_a, co_window_corner_a,
          co_window_of_opportunity_a, co_window_of_opportunity_a,
          co_window_corner_a, co_window_corner_a, co_window_corner_a,
          co_window_2corner, co_window_corner_b, co_window_paths_c,
          co_window_corner_b, co_window_of_opportunity_b,
          co_window_unsneaky_path_e, glass_columns_b, glass_columns_a,
          uniq_menkaure, uniq_grinder

Skill      XL: |  1  2  3  4  5  6  7 |
---------------+----------------------+-----
Stealth        | 1 2 3 4 5 |  5.3
Spellcasting   | 1 |  1.9
Short Blades   | 3 |  3.2
Shields        | 4 |  4.0
Dodging        | 4 |  4.0
Fighting       | |  3.9

Action                   |  1- 3 |  4- 6 |  7- 9 || total
-------------------------+-------+-------+-------++-------
Melee: Rapier            |    63 |   126 |     7 ||   196
       Constrict         |    23 |    38 |     2 ||    63
       Tentacles         |    10 |    24 |     1 ||    35
  Use: Scroll            |       |     2 |       ||     2
 Stab: Sleeping          |     9 |    16 |       ||    25
       Distracted        |       |     1 |       ||     1
Armor: Skin              |     2 |     1 |     1 ||     4
Dodge: Dodged            |    30 |    50 |     3 ||    83
Block: Kite shield       |    16 |    44 |     1 ||    61
